 Dungeon Crawl Stone Soup version 0.25-b1-46-gb8a1ec05df (webtiles) character file.

Game seed: 11059731489836177408

59 grindst0ne the Ducker (level 4, -8/42 HPs)
             Began as a Naga Gladiator on June 9, 2020.
             Mangled by a gnoll
             ... wielding a +0 halberd
              (16 damage)
             ... on level 2 of the Dungeon.
             The game lasted 00:02:17 (1684 turns).

grindst0ne the Ducker (Naga Gladiator)              Turns: 1684, Time: 00:02:17

Health: -8/42      AC:  4    Str: 16    XL:     4   Next: 3%
Magic:  4/4        EV: 11    Int: 10    God:
Gold:   33         SH:  0    Dex: 18    Spells: 3/3 levels left

rFire    . . .     SeeInvis +   a - +0 war axe
rCold    . . .     Gourm    .   (no shield)
rNeg     . . .     Faith    .   b - +0 leather armour
rPois    +         Spirit   .   c - +0 helmet
rElec    .         Reflect  .   i - scarf {repulsion}
rCorr    .         Harm     .   l - +0 pair of gloves
MR       .....                  (no barding)
Stlth    +.........             (no amulet)
HPRegen  0.14/turn              m - +6 ring of dexterity
MPRegen  0.09/turn              (no ring)

@: lethally poisoned (-8 -> -11), repel missiles, very slow
A: large, see invisible, deformed body, poison resistance, slowness 2, slow
metabolism 1, spit poison 1, AC +1
a: Spit Poison


You were on level 2 of the Dungeon.
You were not hungry.

You visited 1 branch of the dungeon, and saw 2 of its levels.

You collected 33 gold pieces.

Inventory:

Hand Weapons
 a - a +0 war axe (weapon)
Missiles
 d - 3 throwing nets (quivered)
Armour
 b - a +0 leather armour (worn)
 c - a +0 helmet (worn)
 i - a scarf of repulsion (worn)
 l - a +0 pair of gloves (worn)
Jewellery
 m - a +6 ring of dexterity (left hand)
Scrolls
 h - 3 scrolls of enchant armour {unknown}
 j - a scroll of amnesia {unknown}
 n - a scroll of noise {unknown}
 o - a scroll of remove curse {unknown}
 q - 2 scrolls of magic mapping {unknown}
Potions
 e - a potion of flight {unknown}
 g - a potion of stabbing {unknown}
 p - a potion of brilliance {unknown}
Comestibles
 f - 3 rations
 k - 7 chunks of flesh


   Skills:
 + Level 3.2 Fighting
 - Level 3.0 Axes
 - Level 1.7 Throwing
 + Level 3.2 Dodging


You had 3 spell levels left.
You didn't know any spells.
Your spell library was empty.

Dungeon Overview and Level Annotations

Branches:
Dungeon (2/15)

Altars:


Innate Abilities, Weirdness & Mutations

You cannot wear boots.
Your serpentine skin is tough. (AC +1)
You have supernaturally acute eyesight. (SInv)
Armour fits poorly on your strangely shaped body.
Your system is resistant to poisons. (rPois)
You cover ground very slowly.
You have a slow metabolism.
You can spit poison.


Message History

The goblin hits you with a +0 club. The bat hits you but does no damage.
The adder hisses angrily.
The bat closely misses you. The bat barely misses you.
The goblin closely misses you. The bat closely misses you.
The bat barely misses you. The bat closely misses you.
The gnoll hits you from afar with a +0 halberd.
* * * LOW HITPOINT WARNING * * *
The goblin hits you with a +0 club.
* * * LOW HITPOINT WARNING * * *
The bat barely misses you. x2; The adder barely misses you.
The bat barely misses you. The bat hits you but does no damage.
The adder bites you.
* * * LOW HITPOINT WARNING * * *
You are poisoned.
The adder poisons you!
The gnoll hits you from afar with a +0 halberd!
You die...

#.####)........... .....#
#...##..........##. #....#
#..(......###.##.. ##....#
####...........#..# #......
#..#......g..##..#####....##
##.#.........###...##.......
#####.....#.gg...####..........
#.........##bS#.....#....#...##
#.............@...>......#...##
#........................##.###
#....)...............÷#.###.# #
#.......##..............###.###
####.÷.###................#....
######..##
###.....#.............
#.......# #..##..###..<.......
#.......# #...##.###..........
#.......# #.#..#.....##.......


You could see 2 gnolls, an adder, a goblin and a bat.

Vanquished Creatures
  An ooze (D:2)
  A worm (D:2)
  A dart slug (D:1)
  2 leopard geckos
  3 giant cockroaches (D:2)
  5 goblins
  4 hobgoblins
  3 jackals (D:1)
  8 kobolds (D:1)
  A quokka (D:2)
  4 ball pythons
  4 bats
  2 frilled lizards (D:1)
  6 rats
45 creatures vanquished.

Notes
Turn   | Place    | Note
-------+----------+-------------------------------------------
     0 | D:1      | grindst0ne the Naga Gladiator began the quest for the Orb.
     0 | D:1      | Reached XP level 1. HP: 19/19 MP: 1/1
    53 | D:1      | Reached XP level 2. HP: 4/27 MP: 2/2
   614 | D:1      | Reached XP level 3. HP: 32/33 MP: 3/3
  1619 | D:2      | Reached XP level 4. HP: 35/42 MP: 4/4
  1684 | D:2      | Mangled by a gnoll

Illustrated notes

Levels and vault maps discovered:
D:1:      dpeg_arrival_simpleton_b, layout_basic, minmay_shallow_snake_nest
D:2:      layout_rooms

Skill      XL: |  1  2  3 |
---------------+----------+-----
Dodging        | 3 |  3.2
Fighting       | 3 |  3.2
Axes           | |  3.0
Throwing       | |  1.7

Action                   |  1- 3 |  4- 6 || total
-------------------------+-------+-------++-------
Melee: War axe           |   141 |     6 ||   147
Throw: Throwing net      |     2 |       ||     2
 Abil: Spit Poison       |     1 |       ||     1
  Eat: Chunk             |     2 |       ||     2
Armor: Leather armour    |    49 |     6 ||    55
Dodge: Dodged            |   110 |    23 ||   133
       Repelled          |     2 |       ||     2
